 Dungeon Crawl Stone Soup version 0.23-a0-296-ga3b1b28 (webtiles) character file.

91881 Amnesiac the Geomancer (level 15, -3/134 HPs)
             Began as a Demigod Earth Elementalist on Oct 5, 2018.
             Slain by a wolf spider (23 damage)
             ... on level 2 of the Spider Nest.
             The game lasted 01:01:37 (27790 turns).

Amnesiac the Geomancer (DgEE)                      Turns: 27790, Time: 01:01:39

Health: -3/134     AC:  9    Str: 11    XL:     15   Next: 14%
Magic:  38/50      EV: 22    Int: 45    God:
Gold:   1093       SH:  5    Dex: 16    Spells: 3/31 levels left

rFire    . . .     SeeInvis +   a - +8 falchion of Overwhelming Force {slice, Int+10}
rCold    . . .     Gourm    .   w - +0 buckler
rNeg     . . .     Faith    .   y - +2 robe {Archmagi}
rPois    .         Spirit   .   A - +2 helmet {Int+3}
rElec    .         Reflect  .   T - scarf {repulsion}
rCorr    .         Harm     .   i - +0 pair of gloves
MR       +++..                  M - +0 pair of boots
Stlth    +++.......             (no amulet)
HPRegen  0.32/turn              X - ring of Venoom Jaso {*Slow MR++ MP+9 SInv}
MPRegen  0.32/turn              D - ring "Efaig" {MP+9 Int+3 Stlth+}

@: repel missiles
A: high mp 1
a: no special abilities


You were on level 2 of the Spider Nest.
You were near starving.

You visited 4 branches of the dungeon, and saw 21 of its levels.
You also visited: Ossuary.

You collected 2472 gold pieces.
You spent 1379 gold pieces at shops.

Inventory:

Hand Weapons
 a - the +8 falchion of Overwhelming Force (weapon) {slice, Int+10}
   (You found it on level 4 of the Lair of Beasts)

   It inflicts extra damage upon your enemies.
   It affects your intelligence (+10).
 b - a +5 blowgun
Missiles
 s - 143 stones (quivered)
Armour
 i - a +0 pair of gloves (worn)
 w - a +0 buckler (worn)
 y - a +2 robe of the Archmagi (worn)
 A - a +2 helmet of intelligence (worn)
 M - a +0 pair of boots (worn)
 T - a scarf of repulsion (worn)
Jewellery
 h - a +5 ring of protection
 D - the ring "Efaig" (right hand) {MP+9 Int+3 Stlth+}
   (You found it on level 1 of the Lair of Beasts)

   [ring of stealth]

   It affects your intelligence (+3).
   It affects your magic capacity (+9).
   It makes you more stealthy.
 J - an uncursed ring of ice
 L - the ring "Plog" {rF+ rN+++}
   (You found it on level 1 of the Spider Nest)

   [ring of protection from fire]

   It protects you from fire.
   It renders you almost immune to negative energy.
 W - an uncursed ring of magical power {unknown}
 X - the ring of Venoom Jaso (left hand) {*Slow MR++ MP+9 SInv}
   (You found it on level 6 of the Lair of Beasts)

   [ring of see invisible]

   It affects your resistance to hostile enchantments.
   It affects your magic capacity (+9).
   It lets you see invisible.
   It may slow you when you take damage.
Wands
 t - a wand of random effects (59)
 z - a wand of paralysis (21)
 E - a wand of clouds (14)
 I - a wand of flame (46)
 O - a wand of polymorph (11)
 V - a wand of digging (10)
Scrolls
 g - 3 scrolls of fear {!r}
 k - 2 scrolls of blinking {!r}
 p - 9 scrolls of remove curse {!r}
 r - 4 scrolls of teleportation {!r}
 v - 2 scrolls of holy word {!r}
 C - a scroll of acquirement {!r}
 G - a scroll of amnesia {!r}
 N - 3 scrolls of summoning {!r}
 P - a scroll of fog {!r}
 R - 2 scrolls of enchant armour {!r}
 S - 4 scrolls of magic mapping {!r}
 U - 2 scrolls of identify {!r}
 Y - a scroll of brand weapon {!r}
Potions
 c - 2 potions of resistance {!q}
 e - a potion of magic {!q}
 f - 4 potions of invisibility {!q}
 j - 3 potions of cancellation {!q}
 l - 3 potions of haste {!q}
 m - 6 potions of heal wounds {!q}
 n - 12 potions of curing {!q}
 o - 2 potions of berserk rage {!q}
 q - 5 potions of flight {!q}
 u - 8 potions of brilliance {!q}
 x - 6 potions of agility {!q}
 B - a potion of mutation {!q}
 H - a potion of might {!q}
 K - 2 potions of lignification {!q}
Miscellaneous
 F - a phial of floods
 Q - a crystal ball of energy
 Z - a lightning rod (4/4)
Comestibles
 d - 22 rations


   Skills:
 * Level 12.9 Fighting
   Level 3.0 Short Blades
 * Level 12.9 Dodging
 - Level 3.0 Stealth
 - Level 5.0 Shields
 + Level 8.9 Spellcasting
 - Level 0.8 Transmutations
 * Level 12.9 Earth Magic
 - Level 7.0 Evocations


You had 3 spell levels left.
You knew the following spells:

 Your Spells              Type           Power        Failure   Level  Hunger
a - Sandblast             Erth           ######       0%          1    None
b - Passwall              Tmut/Erth      #######.     1%          2    None
c - Stone Arrow           Conj/Erth      ######       1%          3    None
d - Lee's Rapid Deconstr  Erth           ########..   1%          5    None
e - Borgnjor's Vile Clut  Necr/Erth      #######...   2%          5    None
f - Petrify               Tmut/Erth      #######.     1%          4    None
g - Iron Shot             Conj/Erth      #######...   16%         6    ####...
z - Swiftness             Chrm/Air       ####....     2%          2    None

Your spell library contained the following spells:

 Spells                   Type           Power        Failure   Level  Hunger
 Animate Skeleton         Necr           N/A          1%          1    None
 Shock                    Conj/Air       ####         1%          1    None
 Sting                    Conj/Pois      ####         1%          1    None
 Summon Small Mammal      Summ           ####         1%          1    None
 Call Imp                 Summ           ####....     2%          2    None
 Ensorcelled Hibernation  Hex/Ice        ####..       2%          2    None
 Poisonous Vapours        Pois/Air       ####..       2%          2    None
 Call Canine Familiar     Summ           ####....     4%          3    None
 Mephitic Cloud           Conj/Pois/Air  ####....     4%          3    None
 Recall                   Summ/Tloc      N/A          4%          3    None
 Static Discharge         Conj/Air       ####....     4%          3    None
 Summon Guardian Golem    Hex/Summ       ####....     4%          3    None
 Bolt of Magma            Conj/Fire/Erth ######....   7%          5    None
 Statue Form              Tmut/Erth      #######..    13%         6    ####...
 Airstrike                Air            ####......   14%         4    None
 Olgreb's Toxic Radiance  Pois           ####....     14%         4    None
 Sticky Flame             Conj/Fire      ####....     14%         4    None
 Summon Ice Beast         Ice/Summ       ####....     14%         4    None
 Summon Lightning Spire   Summ/Air       ####....     14%         4    None
 Aura of Abjuration       Summ           ####......   36%         5    None
 Bolt of Draining         Conj/Necr      ####......   36%         5    None
 Iskenderun's Battlesphe  Conj/Chrm      ####....     36%         5    None
 Lightning Bolt           Conj/Air       ####......   36%         5    None
 Silence                  Hex/Air        ####......   36%         5    None
 Summon Demon             Summ           ####......   36%         5    None
 Summon Forest            Summ/Tloc      ####......   36%         5    None
 Summon Mana Viper        Hex/Summ       ####....     36%         5    None
 Venom Bolt               Conj/Pois      ####......   36%         5    None
 Darkness                 Hex            ####......   91%         6    ####...
 Death Channel            Necr           ####......   91%         6    ####...
 Freezing Cloud           Conj/Ice/Air   ####......   91%         6    ####...
 Shadow Creatures         Summ           N/A          91%         6    ####...
 Simulacrum               Ice/Necr       ####......   91%         6    ####...
 Orb of Destruction       Conj           ####......   100%        7    #####..
 Spellforged Servitor     Conj/Summ      ####......   100%        7    #####..


Dungeon Overview and Level Annotations

Branches:
Dungeon (10/15)            Temple (0/1) D:4            Lair (6/6) D:8
 Shoals (0/4) Lair:3       Spider (3/4) Lair:3        Slime (0/5) Lair:6
    Orc (2/2) D:10            Elf (0/3) Orc:2

Shops:
D:9 !(=   D:10 :   Orc:2 *%!%(


Innate Abilities, Weirdness & Mutations

You have an increased reservoir of magic. (+10% MP)


Message History

You block the jumping spider's attack. The jumping spider misses you.
The jumping spider pounces on you.
You are caught in a web!
The jumping spider bites you but does no damage.
Unknown command.
Casting: Sandblast (safe; 0% risk of failure)
Confirm with . or Enter, or press ? or * to list all spells.
Aiming: Sandblast (safe; 0% risk of failure)
Press: ? - help, Shift-Dir - straight line, f/p - jumping spider
Aim: a jumping spider (lightly wounded)
You feel a surge of power!
The blast of sand hits the jumping spider.
The jumping spider is severely wounded.
s - 144 stones The jumping spider pounces on you but does no damage.
The jumping spider bites you but does no damage.
Unknown command.
Casting: Sandblast (safe; 0% risk of failure)
Confirm with . or Enter, or press ? or * to list all spells.
Aiming: Sandblast (safe; 0% risk of failure)
Press: ? - help, Shift-Dir - straight line, f/p - jumping spider
Aim: a jumping spider (severely wounded)
You feel a surge of power!
The blast of sand hits the jumping spider.
You kill the jumping spider!
s - 143 stones The wolf spider hits you!
The wolf spider bites you.
You are poisoned.
The wolf spider poisons you! The wolf spider hits you!
The wolf spider bites you.
Unknown command.
You feel very sick.
The tarantella bites you but does no damage.
The wolf spider hits you!!
* * * LOW HITPOINT WARNING * * *
The wolf spider bites you but does no damage.
You feel very sick. The tarantella barely misses you.
The wolf spider misses you.
You riposte.
You hit the wolf spider.
The wolf spider is lightly wounded.
You block the wolf spider's attack. The tarantella bites you!
* * * LOW HITPOINT WARNING * * *
The wolf spider completely misses you. The wolf spider misses you.
You climb upwards.
You feel very sick.
There is a stone staircase leading down here.
Okay, then.
Okay, then.
Unknown command.
You feel sick. The tarantella barely misses you.
The wolf spider barely misses you. The wolf spider misses you.
Unknown command.
Unknown command.
Press: ? - help, v - describe, . - travel
Here: a wolf spider The floor.
Really quaff
n - 13 potions of curing {!q}?
You feel better. The tarantella bites you!
* * * LOW HITPOINT WARNING * * *
The wolf spider misses you. The wolf spider bites you!
* * * LOW HITPOINT WARNING * * *
The tarantella bites you.
* * * LOW HITPOINT WARNING * * *
The wolf spider hits you!!
You die...

......##..## ###|### ##..##
.#.......## ##..^..###....#
.....#...####..#...##.....##
#....#..#.....^.....#..#...#
.#..^#....#..#............######
............................^..##
..<^.#...........#..............#
........#......................##
.....##......#.s@..............#
....#...........s.......#......#
#.........#....#...........#####
......#.............#..#.#..#
..#....[.#.........#.#.....##
.....#...........#....#...##
.........###..............#
.##.#....# ###......#...###
.>.#....## #......#...####


You could see a wolf spider and a tarantella.

Vanquished Creatures
  Gastronok (Lair:3)
  The ghost of nht the Deadly Accurate, a journeyman DsBe of Trog (Spider:1)
  4 entropy weavers
  A dire elephant (Lair:5)
  Fannar (Lair:1)
  5 hydras
  A merfolk avatar (Lair:6)
  A two-headed ogre (D:10)
  A catoblepas (Lair:3)
  A queen ant (Spider:2)
  10 death yaks
  3 orc high priests (Orc:2)
  An unseen horror (D:10)
  A spectral entropy weaver (Spider:1)
  An obsidian statue (Lair:1)
  4 oklob plants (Lair:3)
  3 orc sorcerers (Orc:2)
  8 orb spiders
  4 orc knights (Orc:2)
  A harpy (Lair:6)
  A manticore (Lair:6)
  14 wolf spiders
  The ghost of Voker57 the Conjurer, a novice DsVM of Vehumet (D:7)
  8 elephants
  A merfolk siren (Lair:3)
  6 black mambas
  A torpor snail (Spider:2)
  Joseph (D:10)
  Psyche (D:8)
  11 spiny frogs
  A gargoyle (D:10)
  2 spectral redbacks (Spider:1)
  9 komodo dragons
  A kobold demonologist (D:9)
  8 rime drakes
  4 demonic crawlers
  3 polar bears (Lair:6)
  An entropy weaver simulacrum (Spider:1)
  3 meliai (Spider:3)
  16 jumping spiders
  2 trolls
  4 hornets
  11 blink frogs
  A wind drake (Lair:6)
  4 hippogriffs
  Sigmund (D:6)
  55 redbacks
  13 yaks
  17 tarantellas
  A wyvern (D:8)
  A human (D:8)
  A basilisk (Lair:6)
  A redback simulacrum (Spider:1)
  A fire elemental (Spider:1)
  An emperor scorpion simulacrum (Spider:1)
  A hungry ghost (D:8)
  Edmund (D:4)
  14 soldier ants
  4 hell hounds
  9 water moccasins
  7 porcupines
  2 jumping spider simulacra (Spider:1)
  22 orc warriors
  A tarantella simulacrum (Spider:1)
  15 wolves
  5 ogres
  3 phantoms
  A black bear (D:8)
  4 centaurs
  15 crocodiles
  Blork the orc (D:4)
  An elf zombie (Ossuary)
  16 bullfrogs
  A scorpion (D:6)
  A hornet simulacrum (Spider:1)
  A killer bee (D:10)
  3 electric eels
  4 wights
  7 crimson imps
  3 howler monkeys
  A bullfrog zombie (D:5)
  5 hounds
  21 orc priests
  3 bullfrog skeletons
  A gnoll shaman (D:8)
  2 centaur skeletons
  An iguana (D:8)
  27 orc wizards
  36 worker ants
  2 big kobold zombies (Ossuary)
  A hound zombie (Ossuary)
  A hound skeleton (D:9)
  5 mummies
  11 gnolls
  9 adders
  2 shadow imps
  3 white imps (D:10)
  An adder skeleton (D:6)
  An adder zombie (Ossuary)
  3 worms
  2 dart slugs
  7 leopard geckos
  60 orcs
  4 giant cockroaches
  A gnoll zombie (Ossuary)
  4 goblins
  7 hobgoblins
  2 jackals (D:6)
  6 quokkas
  2 ball pythons (D:5)
  9 bats
  4 frilled lizards
  A hobgoblin zombie (Ossuary)
  15 kobolds
  4 kobold zombies (Ossuary)
  3 quokka skeletons
  A quokka zombie (D:6)
  5 rats
  A rat zombie (Ossuary)
  A fungus (Lair:6)
  6 plants
683 creatures vanquished.

Vanquished Creatures (collateral kills)
  Azrael (Spider:2)
  Nergalle (Lair:1)
  A basilisk (Lair:1)
3 creatures vanquished.

Vanquished Creatures (others)
  A crimson imp (D:8)
  2 orc priests (Orc:2)
  An orc wizard (Orc:2)
  29 fungi
  19 plants
52 creatures vanquished.

Grand Total: 738 creatures vanquished

Notes
Turn   | Place    | Note
-------+----------+-------------------------------------------
     0 | D:1      | Amnesiac the Demigod Earth Elementalist began the quest for
                  | the Orb.
     0 | D:1      | Reached XP level 1. HP: 14/14 MP: 5/5
    83 | D:2      | Found a bloodstained altar of Trog.
   302 | D:1      | Reached XP level 2. HP: 15/20 MP: 7/7
   306 | D:1      | Learned a level 2 spell: Passwall
  1488 | D:2      | Found a sparkling altar of Nemelex Xobeh.
  1634 | D:2      | Found a stormy altar of Qazlal.
  1763 | D:2      | Reached XP level 3. HP: 26/26 MP: 9/9
  1792 | D:2      | Found a hide-covered altar of Uskayaw.
  1804 | D:2      | Found an ornate altar of the Wu Jian Council.
  2658 | D:3      | Found a snail-covered altar of Cheibriados.
  2716 | D:3      | Reached XP level 4. HP: 30/33 MP: 6/10
  3068 | D:4      | Noticed a phantom
  3074 | D:4      | Found a staircase to the Ecumenical Temple.
  3137 | D:4      | Killed a phantom
  3137 | D:4      | Reached XP level 5. HP: 24/38 MP: 4/12
  3144 | D:4      | Learned a level 5 spell: Lee's Rapid Deconstruction
  3207 | D:4      | Reached skill level 5 in Earth Magic
  3260 | D:4      | Identified the Almanac of Clay
  3412 | D:4      | Found an iron altar of Okawaru.
  3414 | D:4      | Noticed Blork the orc
  3419 | D:4      | Killed Blork the orc
  3502 | D:4      | Noticed Edmund
  3828 | D:5      | Entered Level 5 of the Dungeon
  3831 | D:5      | Reached XP level 6. HP: 45/45 MP: 10/14
  3930 | D:5      | Learned a level 4 spell: Petrify
  4015 | D:4      | Killed Edmund
  4537 | D:5      | Reached XP level 7. HP: 48/50 MP: 16/16
  5057 | D:6      | Noticed Sigmund
  5073 | D:6      | Killed Sigmund
  5224 | D:6      | Reached skill level 5 in Spellcasting
  5230 | D:6      | Reached XP level 8. HP: 38/57 MP: 7/19
  5695 | D:6      | Found a burning altar of Makhleb.
  6200 | D:7      | Noticed a hippogriff
  6213 | D:7      | Killed a hippogriff
  6275 | D:7      | Reached skill level 1 in Fighting
  6357 | D:7      | Reached skill level 1 in Shields
  6437 | D:7      | Reached XP level 9. HP: 40/67 MP: 12/21
  6521 | D:7      | Found a hazy altar of Hepliaklqana.
  6577 | D:7      | Noticed Voker57's ghost (novice DsVM)
  6581 | D:7      | Found a runed gate.
  6582 | D:7      | Found a runed gate.
  6583 | D:7      | Found a roughly hewn altar of Beogh.
  6583 | D:7      | Found a runed gate.
  6796 | D:7      | Killed Voker57's ghost
  6804 | D:7      | Got a bronze plate armour
  6846 | D:7      | Identified the +10 plate armour of Cushew {rElec rPois MP+9
                  | Stlth-} (You took it off an orc warrior on level 7 of the
                  | Dungeon)
  6976 | D:8      | Reached skill level 1 in Short Blades
  7097 | D:8      | Found a sand-covered staircase.
  7137 | Ossuary  | Entered an ossuary
  7244 | Ossuary  | Learned a level 3 spell: Stone Arrow
  7570 | D:8      | Noticed Psyche
  7669 | D:8      | Killed Psyche
  7669 | D:8      | Reached skill level 5 in Shields
  7727 | D:8      | Found a burning altar of Makhleb.
  7868 | D:8      | Reached skill level 1 in Evocations
  8053 | D:8      | Reached XP level 10. HP: 69/78 MP: 15/22
  8329 | D:8      | Found a staircase to the Lair.
  8596 | D:9      | Found Rumpaas's Distillery.
  8596 | D:9      | Found Yfezemet's Antique Weapon Boutique.
  8604 | D:9      | Bought a potion of mutation for 88 gold pieces
  8604 | D:9      | Bought a potion of invisibility for 88 gold pieces
  8604 | D:9      | Bought a potion of degeneration for 11 gold pieces
  8666 | D:9      | Found an opulent altar of Gozag.
  8709 | D:9      | Found Ysi Kutz's Jewellery Shoppe.
  9030 | D:9      | Reached skill level 5 in Fighting
  9030 | D:9      | Reached skill level 5 in Dodging
  9390 | D:9      | Found a white marble altar of Elyvilon.
  9656 | D:10     | Entered Level 10 of the Dungeon
  9778 | D:10     | Noticed a two-headed ogre
  9832 | D:10     | Killed a two-headed ogre
  9832 | D:10     | Reached skill level 5 in Evocations
 10033 | D:10     | Killed an unseen horror
 10104 | D:10     | Noticed Joseph
 10117 | D:10     | Killed Joseph
 10211 | D:10     | Found Gonaorhe's Book Shop.
 10320 | D:10     | Noticed a death yak
 10652 | D:10     | Reached XP level 11. HP: 90/90 MP: 18/24
 10827 | D:10     | Killed a death yak
 11316 | D:10     | Found a staircase to the Orcish Mines.
 11332 | Orc:1    | Entered Level 1 of the Orcish Mines
 11405 | Orc:2    | Entered Level 2 of the Orcish Mines
 11468 | Orc:2    | Found a staircase to the Elven Halls.
 12253 | Orc:2    | Found Eniy's Assorted Antiques.
 12261 | Orc:2    | Bought an orange potion for 29 gold pieces
 12396 | Orc:2    | Noticed an orc knight
 12575 | Orc:2    | Found a radiant altar of Vehumet.
 12741 | Orc:2    | Killed an orc knight
 13069 | Orc:2    | Noticed an orc high priest
 13076 | Orc:2    | Noticed an orc high priest
 13079 | Orc:2    | Killed an orc high priest
 13090 | Orc:2    | Noticed an orc high priest
 13296 | Orc:2    | Noticed an orc knight
 13301 | Orc:2    | Noticed an orc knight
 13304 | Orc:2    | Killed an orc high priest
 13304 | Orc:2    | Killed an orc knight
 13358 | Orc:2    | Killed an orc knight
 13481 | Orc:2    | Killed an orc high priest
 13494 | Orc:2    | Paralysed by an orc sorcerer for 3 turns
 13599 | Orc:2    | Noticed an orc knight
 13602 | Orc:2    | Found Watoxobi's Food Emporium.
 13602 | Orc:2    | Found Sodoxeg's Antique Weapon Shop.
 13604 | Orc:2    | Found Ufuxufozxi's Food Shop.
 13604 | Orc:2    | Found Ashun's Distillery.
 13613 | Orc:2    | Killed an orc knight
 13657 | Orc:2    | Bought a potion of agility for 56 gold pieces
 13657 | Orc:2    | Bought a potion of flight for 42 gold pieces
 13657 | Orc:2    | Bought a potion of brilliance for 56 gold pieces
 13657 | Orc:2    | Bought a potion of haste for 140 gold pieces
 13660 | Orc:2    | Bought a glowing blowgun for 154 gold pieces
 13929 | D:9      | Bought a +5 ring of protection for 715 gold pieces
 13959 | Lair:1   | Entered Level 1 of the Lair of Beasts
 14119 | Lair:1   | Noticed Fannar
 14141 | Lair:1   | Killed Fannar
 14141 | Lair:1   | Reached XP level 12. HP: 40/104 MP: 0/25
 14635 | Lair:1   | Noticed Nergalle
 14648 | Lair:1   | Killed Nergalle
 14655 | Lair:1   | Noticed a five-headed hydra
 14672 | Lair:1   | Killed a five-headed hydra
 15519 | Lair:1   | Got a fine wooden ring
 15523 | Lair:1   | Got a brightly glowing ivory ring
 15526 | Lair:1   | Identified the Volume of Blows and Bruises
 15572 | Lair:1   | Identified the ring "Efaig" {MP+9 Int+3 Stlth+} (You found
                  | it on level 1 of the Lair of Beasts)
 15575 | Lair:1   | Identified the ring "Rirghuos" {Dex+6 Slay+2 Stlth-} (You
                  | found it on level 1 of the Lair of Beasts)
 15937 | Lair:2   | Found a stormy altar of Qazlal.
 16040 | Lair:2   | Noticed a seven-headed hydra
 16057 | Lair:2   | Killed a seven-headed hydra
 17262 | Lair:3   | Noticed Gastronok
 17284 | Lair:3   | Killed Gastronok
 17358 | Lair:2   | Reached skill level 10 in Dodging
 17358 | Lair:2   | Reached skill level 10 in Earth Magic
 17445 | Lair:2   | Reached skill level 10 in Fighting
 17864 | Lair:3   | Found a hole to the Spider Nest.
 18134 | Lair:3   | Found a staircase to the Shoals.
 18479 | Lair:3   | Noticed a catoblepas
 18488 | Lair:3   | Killed a catoblepas
 18488 | Lair:3   | Reached XP level 13. HP: 113/113 MP: 15/27
 19262 | Lair:4   | Got a twisted falchion
 19665 | Lair:4   | Learned a level 2 spell: Swiftness
 20850 | Lair:5   | Got a spiked plate armour
 20976 | Lair:5   | Identified the +4 plate armour of Zin's Benevolence {Regen+
                  | Int+5 SInv} (You found it on level 5 of the Lair of Beasts)
 21337 | Lair:6   | Entered Level 6 of the Lair of Beasts
 21624 | Lair:6   | Noticed a dire elephant
 21670 | Lair:5   | Killed a dire elephant
 22081 | Lair:6   | Got an ancient steel ring
 22760 | Lair:6   | Found a viscous altar of Jiyva.
 22761 | Lair:6   | Found a staircase to the Slime Pits.
 22772 | Lair:6   | Learned a level 5 spell: Borgnjor's Vile Clutch
 22846 | Lair:6   | Reached XP level 14. HP: 124/124 MP: 5/30
 23187 | Lair:6   | Identified the +8 falchion of Overwhelming Force {slice,
                  | Int+10} (You found it on level 4 of the Lair of Beasts)
 23196 | Lair:6   | Learned a level 6 spell: Iron Shot
 23486 | Spider:1 | Entered Level 1 of the Spider Nest
 24004 | Spider:1 | You fall through a shaft!
 24275 | Spider:1 | Got a fine silver ring
 24285 | Spider:1 | Identified the ring "Plog" {rF+ rN+++} (You found it on
                  | level 1 of the Spider Nest)
 24289 | Spider:1 | Identified the ring of Venoom Jaso {*Slow MR++ MP+9 SInv}
                  | (You found it on level 6 of the Lair of Beasts)
 24734 | Spider:1 | Found a runed gate.
 24734 | Spider:1 | Found a runed gate.
 24734 | Spider:1 | Found a runed gate.
 24734 | Spider:1 | Noticed nht's ghost (journeyman DsBe)
 24962 | Spider:1 | Killed nht's ghost
 25005 | Spider:1 | Identified the Reference Book on Evil
 25385 | Spider:2 | Noticed Azrael
 25399 | Spider:2 | Killed Azrael
 27115 | Spider:3 | Identified a scroll of acquirement {!r}
 27133 | Spider:3 | Reached XP level 15. HP: 134/134 MP: 25/32
 27790 | Spider:2 | Slain by a wolf spider

Vault maps used:
D:1:      lemuel_arrival_broad_hall, grunt_decor_mini_mirrors
D:2:      bloody_trog, nicolae_overflow_crystal_walls, nemelex_altar_shiori,
          grunt_temple_overflow_open, first_ration
D:3:      kennysheep_slug_shrine
D:4:      temple_statues, okawaru_gym_becter, uniq_edmund, uniq_blork_the_orc
D:6:      basic_altar, uniq_sigmund
D:7:      kennysheep_mini, biasface_ghost_orc_armoury
D:8:      grunt_lair_entry_orc_guard_hut, gup_ossuary_entry_pyramid,
          grunt_pizzeria, skrybe_limestone_x, bloody_makhleb, uniq_psyche
D:9:      grunt_gozag_statues, overflow_temple_1_default, serial_shops, shop,
          shop, shop
D:10:     david_orc_4, serial_ice, serial_ice_n, serial_ice_c, serial_ice_m,
          serial_ice_f, serial_shops, shop, dk_noncrumbling_3,
          kennysheep_kite_vault, uniq_joseph
Lair:1:   statuecave_lemuel, uniq_fannar, uniq_nergalle
Lair:2:   basic_altar
Lair:3:   minmay_shoals_entry_lonely_mermaid, spider_nest_entry_funnel_web,
          grunt_megastairs_5, minmay_lair_oklob_chamber, serial_bayou_shore_b,
          uniq_gastronok
Lair:5:   serial_bayou_shore_a
Lair:6:   gammafunk_lair_ancient_temple, slime_altar_1, wad_woods_river_04,
          infiniplex_staircase_pool, serial_bayou_shore_b
Spider:1: gammafunk_ghost_necromancy
Spider:2: zaba_anthell, uniq_azrael
Spider:3: nicolae_spider_mines_3, hangedman_spider_tarantella_strand
Orc:1:    basic_altar, mines2_david
Orc:2:    grunt_orc_tribal_feast, serial_shops, shop_fountains, basic_altar,
          nicolae_orc_sculptors_studio
Ossuary:  ossuary_minmay_tomb_2a

Skill      XL: |  1  2  3  4  5  6  7  8  9 10 11 12 13 14 |
---------------+-------------------------------------------+-----
Earth Magic    | 3 4 5 6 7 9 10 11 12 | 12.9
Spellcasting   | 2 3 4 5 6 7 8 |  8.9
Stealth        | 2 3 |  3.0
Dodging        | 2 4 6 9 10 11 12 | 12.9
Fighting       | 2 4 6 9 10 11 12 | 12.9
Shields        | 2 5 |  5.0
Short Blades   | 2 3 |  3.0
Evocations     | 2 5 7 |  7.0
Transmutations | |  0.8

Action                   |  1- 3 |  4- 6 |  7- 9 | 10-12 | 13-15 || total
-------------------------+-------+-------+-------+-------+-------++-------
Melee: Dagger            |   122 |    59 |   114 |   276 |    92 ||   663
       Dire flail        |       |       |    13 |       |       ||    13
       Falchion          |       |       |       |       |    18 ||    18
 Cast: Sandblast         |    23 |    27 |   123 |    65 |   104 ||   342
       Petrify           |       |     1 |     8 |    30 |    25 ||    64
       Stone Arrow       |       |       |    18 |   165 |       ||   183
       Lee's Rapid Decon |       |       |     8 |    88 |   272 ||   368
       Passwall          |       |       |       |     3 |     1 ||     4
       Borgnjor's Vile C |       |       |       |       |     2 ||     2
Evoke: Wand              |       |       |       |     7 |     2 ||     9
       Phial of floods   |       |       |       |     1 |     1 ||     2
       Box of beasts     |       |       |       |     1 |       ||     1
  Use: Scroll            |     3 |     7 |     8 |     5 |     4 ||    27
       Potion            |       |       |     3 |       |     1 ||     4
 Stab: Sleeping          |     7 |     3 |     1 |     1 |     3 ||    15
       Petrified         |       |     8 |    36 |    72 |    43 ||   159
       Petrifying        |       |       |       |     3 |     3 ||     6
  Eat: Chunk             |     6 |     6 |    13 |    41 |    33 ||    99
       Ration            |       |       |       |     3 |     5 ||     8
Armor: Robe              |    28 |    10 |    32 |    64 |    51 ||   185
       Skin              |       |       |    37 |       |       ||    37
Dodge: Dodged            |    70 |    26 |    97 |   203 |   222 ||   618
       Deflected         |       |       |       |       |     3 ||     3
Block: Buckler           |       |       |    19 |    84 |    51 ||   154
       Rpst.: Falchion   |       |       |       |       |    27 ||    27

Table legend:
 A = Non-vault XP
 B = Vault XP
 C = Vault XP percentage of total XP
 D = Non-vault monster count
 E = Vault monster count
 F = Vault count percentage of total count
                 A         B        C        D         E       F
            +---------+---------+-------+---------+---------+-------
      Total |   84082 |   47177 |  35.9 |     472 |     207 |  30.5
            +---------+---------+-------+---------+---------+-------
        D:1 |      25 |       0 |   0.0 |      16 |       0 |   0.0
        D:2 |      30 |       0 |   0.0 |      16 |       0 |   0.0
        D:3 |      87 |       4 |   4.4 |      20 |       1 |   4.8
        D:4 |     191 |     270 |  58.6 |       5 |       2 |  28.6
        D:5 |     433 |       0 |   0.0 |      20 |       0 |   0.0
        D:6 |     931 |     227 |  19.6 |      18 |       1 |   5.3
        D:7 |    1286 |     702 |  35.3 |      28 |       8 |  22.2
        D:8 |    1631 |    1453 |  47.1 |      40 |       8 |  16.7
        D:9 |    2090 |       6 |   0.3 |      28 |       2 |   6.7
       D:10 |    3079 |    3374 |  52.3 |      17 |      34 |  66.7
     Lair:1 |    4427 |    2245 |  33.6 |      22 |       3 |  12.0
     Lair:2 |    4784 |       0 |   0.0 |      13 |       0 |   0.0
     Lair:3 |    2916 |    8350 |  74.1 |       9 |      15 |  62.5
     Lair:4 |    4593 |       0 |   0.0 |      17 |       0 |   0.0
     Lair:5 |    6699 |    1719 |  20.4 |      19 |       2 |   9.5
     Lair:6 |   11661 |    8135 |  41.1 |      26 |      25 |  49.0
   Spider:1 |   11672 |    4959 |  29.8 |      33 |      16 |  32.7
   Spider:2 |   15120 |    8162 |  35.1 |      46 |      47 |  50.5
   Spider:3 |   10394 |       0 |   0.0 |      37 |       0 |   0.0
      Orc:1 |      42 |       0 |   0.0 |       2 |       0 |   0.0
      Orc:2 |    1991 |    7321 |  78.6 |      40 |      27 |  40.3
    Ossuary |       0 |     250 | 100.0 |       0 |      16 | 100.0
            +---------+---------+-------+---------+---------+-------
